 Dungeon Crawl Stone Soup version 0.18.1-1-g2f07953 (webtiles) character file.

1677 Ijustatesigmund the Cleaver (level 8, 0/73 HPs)
             Began as a Minotaur Gladiator on May 7, 2016.
             Was an Initiate of Cheibriados.
             Slain by a wasp (9 damage)
             ... on level 5 of the Dungeon.
             The game lasted 00:08:14 (3034 turns).

Ijustatesigmund the Cleaver (Minotaur Gladiator)    Turns: 3034, Time: 00:08:15

Health: 0/73       AC:  7    Str: 20 (21) XL:     8   Next: 70%
Magic:  10/10      EV: 12    Int:  5 (6)  God:    Cheibriados [......]
Gold:   260        SH:  5    Dex: 13 (14) Spells: 0 memorised, 7 levels left

rFire  . . .     SeeInvis .     a - +1 war axe
rCold  . . .     Gourm    .     e - +0 ring mail
rNeg   . . .     Faith    .     i - +0 buckler
rPois  .         Spirit   .     o - +2 hat
rElec  .         Dismiss  .     (no cloak)
rCorr  .         Reflect  .     (no gloves)
SustAt .         Harm     .     (no boots)
MR     .....                    (no amulet)
Stlth  +.........               (no ring)
                                (no ring)

@: lethally poisoned (0 -> -2), very slow, not resistant to hostile
enchantments, very unstealthy
A: retaliatory headbutt, horns 2
a: Bend Time, Renounce Religion


You were on level 5 of the Dungeon.
You worshipped Cheibriados.
Cheibriados was noncommittal.
You were not hungry.

You visited 2 branches of the dungeon, and saw 6 of its levels.

You collected 260 gold pieces.

Inventory:

Hand Weapons
 a - a +1 war axe (weapon)
Missiles
 d - 3 throwing nets (quivered)
Armour
 b - a +0 leather armour
 e - a +0 ring mail (worn)
 i - a +0 buckler (worn)
 o - a +2 hat (worn)
Scrolls
 c - a scroll of remove curse
 g - 5 scrolls of identify
Potions
 j - a potion of cure mutation
Books
 h - a book of Conjurations

   Spells                             Type                      Level
   a - Magic Dart                     Conjuration                  1
   b - Searing Ray                    Conjuration                  2
   c - Dazzling Spray                 Conjuration/Hexes            3
   d - Fulminant Prism                Conjuration/Hexes            4
   e - Iskenderun's Mystic Blast      Conjuration                  4
   f - Iskenderun's Battlesphere      Conjuration/Charms           5
Comestibles
 f - 4 bread rations
 k - a beef jerky
 l - a royal jelly
 p - 8 chunks of flesh


   Skills:
 - Level 7.5 Fighting
 - Level 8.4 Axes
 - Level 2.0 Throwing
 - Level 3.2 Dodging
 - Level 5.2 Shields
 + Level 5.1 Invocations


You had 7 spell levels left.
You didn't know any spells.

Dungeon Overview and Level Annotations

Branches:
Dungeon (5/15)             Temple (1/1) D:5

Altars:
Ashenzari
Cheibriados
Dithmenos
Fedhas
Gozag
Kikubaaqudgha
Makhleb
Nemelex Xobeh
Okawaru
Qazlal
Ru
Sif Muna
Yredelemnul
Zin
The Shining One


Innate Abilities, Weirdness & Mutations

You reflexively headbutt those who attack you in melee.
You have a pair of horns on your head.


Message History

Drink which item? (? for menu, Esc to quit)
It was a potion of degeneration.
There was something very wrong with that liquid.
You feel weakened.
You feel dopey.
You feel clumsy. The wasp stings you.
* * * LOW HITPOINT WARNING * * *
You are poisoned.
The wasp closely misses you. You furiously retaliate!
You headbutt the wasp.
Drink which item? (? for menu, Esc to quit)
Okay, then.
Read which item? (? for menu, Esc to quit)
Okay, then.
You hit the wasp. Your headbutt misses the wasp.
The wasp is moderately wounded.
You feel sick. You block the wasp's attack.
You closely miss the wasp. You headbutt the wasp.
The wasp is heavily wounded.
You feel sick. The wasp closely misses you. You furiously retaliate!
You headbutt the wasp. The wasp stings you!
You die...

##.#...# ...#
......##...#
#..........
#........# ...
#........# ....
#........##....
..##.............
......y@.......#..
..##............# .
................#
..#####.####.#.#..#
...........#)#.# .
..............>#
..##....##.#...#
........##.#...#
........##.#...#


You could see a wasp.

Vanquished Creatures
  Pikel (D:4)
  A sky beast (D:5)
  An ice beast (D:5)
  A slave (D:4)
  3 phantoms
  5 ogres
  4 hounds
  An iguana (D:3)
  2 worker ants (D:4)
  3 gnolls (D:4)
  5 adders
  A shadow imp (D:5)
  An ooze (D:4)
  An adder zombie (D:5)
  An adder skeleton (D:5)
  A worm (D:3)
  A dart slug (D:2)
  2 orcs
  A ball python (D:3)
  7 bats
  5 giant cockroaches
  5 goblins
  6 hobgoblins
  3 jackals (D:2)
  2 quokkas
  A giant gecko skeleton (D:5)
  7 giant newts
  6 kobolds
  2 quokka skeletons (D:4)
  7 rats
87 creatures vanquished.

Vanquished Creatures (others)
  A slave (D:5)
  An orc wizard (D:5)
  A giant cockroach (D:4)
3 creatures vanquished.

Grand Total: 90 creatures vanquished

Notes
Turn   | Place    | Note
--------------------------------------------------------------
     0 | D:1      | Ijustatesigmund the Minotaur Gladiator began the quest for the Orb.
     0 | D:1      | Reached XP level 1. HP: 18/18 MP: 0/0
   162 | D:1      | Reached XP level 2. HP: 25/25 MP: 1/1
   165 | D:1      | Reached skill level 4 in Axes
   335 | D:1      | Found a sparkling altar of Nemelex Xobeh.
   719 | D:2      | Reached XP level 3. HP: 23/31 MP: 2/2
  1151 | D:3      | Reached skill level 5 in Axes
  1157 | D:3      | Noticed an ogre
  1164 | D:3      | Reached XP level 4. HP: 22/40 MP: 3/3
  1165 | D:3      | Killed an ogre
  1165 | D:3      | Reached XP level 5. HP: 26/47 MP: 4/4
  1211 | D:3      | Reached skill level 6 in Axes
  1216 | D:3      | Reached skill level 5 in Fighting
  1444 | D:4      | Noticed an ogre
  1451 | D:4      | Killed an ogre
  1451 | D:4      | Reached XP level 6. HP: 15/56 MP: 5/5
  1794 | D:4      | Reached skill level 7 in Axes
  1803 | D:4      | Noticed a slave
  1807 | D:4      | Noticed Pikel
  1810 | D:4      | Noticed a slave
  1811 | D:4      | Noticed a slave
  1812 | D:4      | Noticed a slave
  1812 | D:4      | Killed a slave
  1825 | D:4      | Killed Pikel
  1825 | D:4      | Reached skill level 8 in Axes
  1825 | D:4      | Reached XP level 7. HP: 23/66 MP: 6/6
  2418 | D:4      | Reached XP level 8. HP: 71/73 MP: 7/7
  2606 | D:5      | Entered Level 5 of the Dungeon
  2651 | D:5      | Found a staircase to the Ecumenical Temple.
  2660 | Temple   | Entered the Ecumenical Temple
  2718 | Temple   | Became a worshipper of Cheibriados the Contemplative
  2738 | D:5      | Reached skill level 5 in Shields
  3029 | D:5      | Reached skill level 5 in Invocations
  3034 | D:5      | Slain by a wasp

Skill      XL: |  1  2  3  4  5  6  7  8 |
---------------+-------------------------+-----
Axes           | 4 5 6 8 |  8.4
Fighting       | 3 4 5 7 |  7.5
Shields        | 3 5 |  5.2
Invocations    | 5 |  5.1
Throwing       | |  2.0
Dodging        | |  3.2

Action                   |  1- 3 |  4- 6 |  7- 9 || total
-------------------------+-------+-------+-------++-------
Melee: War axe           |    89 |    55 |    95 ||   239
       Headbutt          |     7 |     8 |    15 ||    30
Throw: Throwing net      |       |       |     1 ||     1
  Use: Scroll            |     7 |       |     3 ||    10
       Potion            |       |     2 |     1 ||     3
 Stab: Sleeping          |     1 |       |       ||     1
  Eat: Chunk             |       |     3 |     5 ||     8
Armor: Ring mail         |    34 |    11 |    17 ||    62
       Leather armour    |     4 |       |       ||     4
Dodge: Dodged            |    72 |    38 |    49 ||   159
Block: Buckler           |       |       |    15 ||    15
